 Dungeon Crawl Stone Soup version 0.29.0-11-gd7f09526c8 (webtiles) character file.

Game seed: 4438381341033316295

6 Anamonty the Sneak (level 1, 0/13 HPs)
             Began as a Vampire Enchanter on Sept 2, 2022.
             Slain by a frilled lizard (2 damage)
             ... on level 1 of the Dungeon.
             The game lasted 00:00:42 (106 turns).

Anamonty the Sneak (Vampire Enchanter)               Turns: 106, Time: 00:00:43

Health: 0/13       AC:  2    Str:  7    XL:     1   Next: 75%
Magic:  3/3        EV: 12    Int: 17    God:
Gold:   0          SH:  0    Dex: 14    Spells: 4/4 levels left

rFire   . . .      SeeInvis +   a - +1 dagger
rCold   . . .      Faith    .   (no shield)
rNeg    . . .      Spirit   .   b - +0 robe
rPois   .          Reflect  .   (no helmet)
rElec   .          Harm     .   (no cloak)
rCorr   .          Rampage  .   (no gloves)
Will    .....                   (no boots)
Stlth   +++.......              (no amulet)
HPRegen 0.24/turn               (no ring)
MPRegen 0.08/turn               (no ring)

@: healing quickly
A: alive, fangs 3, see invisible, vampiric 1
a: Exsanguinate


You were on level 1 of the Dungeon.
You visited 1 branch of the dungeon, and saw 1 of its levels.

Inventory:

Hand Weapons
 a - a +1 dagger (weapon)
Missiles
 g - 2 boomerangs (quivered)
Armour
 b - a +0 robe (worn)
 e - a +0 pair of boots
Scrolls
 d - a scroll of vulnerability {unknown}
Potions
 c - 2 potions of invisibility
 f - a potion of curing {unknown}


   Skills:
 + Level 1.2 Short Blades
 + Level 2.3 Dodging
 * Level 4.6 Stealth
 + Level 2.0 Spellcasting
 * Level 4.5 Hexes


You had 4 spell levels left.
You didn't know any spells.
Your spell library contained the following spells:

 Spells                   Type           Power      Damage    Failure   Level
 Confusing Touch          Hex            17%        N/A       9%          3
 Tukima's Dance           Hex            17%        N/A       9%          3
 Ensorcelled Hibernation  Hex/Ice        18%        N/A       12%         2
 Dazzling Flash           Conj/Hex       18%        N/A       22%         3


Dungeon Overview and Level Annotations

Branches:
Dungeon (1/15)

Altars:

Shops:
D:1 :


Innate Abilities, Weirdness & Mutations

Your natural rate of healing is accelerated.
You have razor-sharp teeth.
You have supernaturally acute eyesight. (SInv)
You are afflicted with vampirism.


Message History

The quokka is severely wounded.
The quokka bites you.
You closely miss the quokka. You bite the quokka.
You kill the quokka!
The frilled lizard misses you.
Found a cyan potion.
The frilled lizard bites you.
You see here a quokka corpse.
The frilled lizard barely misses you.
The frilled lizard attacks as you move away!
The frilled lizard closely misses you.
The frilled lizard attacks as you move away!
The frilled lizard bites you but does no damage.
The frilled lizard attacks as you move away!
The frilled lizard bites you.
You miss the frilled lizard. Your bite misses the frilled lizard.
The frilled lizard barely misses you.
You closely miss the frilled lizard.
The frilled lizard bites you but does no damage.
You hit the frilled lizard.
The frilled lizard is heavily wounded.
The frilled lizard bites you.
* * * LOW HITPOINT WARNING * * *
The frilled lizard barely misses you.
You closely miss the frilled lizard.
The frilled lizard is heavily wounded.
The frilled lizard bites you but does no damage.
The frilled lizard bites you.
* * * LOW HITPOINT WARNING * * *
The frilled lizard attacks as you move away!
The frilled lizard closely misses you.
The frilled lizard attacks as you move away!
The frilled lizard barely misses you.
The frilled lizard attacks as you move away!
The frilled lizard barely misses you.
The frilled lizard attacks as you move away!
The frilled lizard bites you.
* * * LOW HITPOINT WARNING * * *
The frilled lizard attacks as you move away!
The frilled lizard bites you.
You die...

##.................#######..
#...........................
#...........................
#...........................
#..............##.J.........
#..............##...†.......
#.............J##...........
#......)....ll.##..........!
#.........##@..##...........
#.....##..##...##...........
#.....##.......############.
#.......∩......#
#........##.####
#....##..##.# #....##.....#
#############


You could see an endoplasm and 2 frilled lizards.

Vanquished Creatures
  A dart slug (D:1)
  An endoplasm (D:1)
  A quokka (D:1)
  A kobold (D:1)
4 creatures vanquished.

Notes
Turn   | Place    | Note
-------+----------+-------------------------------------------
     0 | D:1      | Anamonty the Vampire Enchanter began the quest for the Orb.
     0 | D:1      | Reached XP level 1. HP: 13/13 MP: 3/3
    16 | D:1      | Found Reastruk's Book Shop.
   106 | D:1      | Slain by a frilled lizard

Illustrated notes

Levels and vault maps discovered:
D:1:      evilmike_arrival_hilbert_curve, layout_basic, serial_shops,
          nicolae_shop_crystal, nicolae_square_shop

Action                   || total
-------------------------++-------
Melee: Dagger            ||    21
       Bite              ||     2
 Abil: Exsanguinate      ||     2
Armor: Robe              ||     6
Dodge: Dodged            ||    17
